Map: Usina Ácida LE

Players

felix

  • Race: Terran Terran
  • League: Silver
  • Spawn Location: 5:00

IagoAbreu - Winner!

  • Race: Protoss Protoss
  • League: Gold
  • Spawn Location: 11:00

VOD

Have the link to the VOD?

Description

Time

  • Played on: March 29, 2018, 2:05 p.m.
  • Length: 16:57
Show
View Real Time Build Order
Export as new Build Order

felix Terran 

Build Orders: MMM Bio 

Get SALT Encoding   

  12  0:02  SCV  
  13  0:25  Supply Depot  
  13  0:27  SCV  
  14  0:31  Refinery  
  14  0:53  Barracks  
  14  0:57  Barracks  
  14  1:01  SCV  
  15  1:07  Refinery  
  15  1:13  SCV  
  16  1:25  SCV  
  17  1:37  SCV  
  18  1:47  Reaper x2  
  18  1:49  SCV  
  21  2:03  SCV  
  21  2:04  Factory  
  22  2:17  Supply Depot  
  22  2:20  Barracks Tech Lab, Barracks Reactor  
  22  2:26  SCV  
  23  2:38  SCV  
  23  2:41  Stimpack  
  24  3:10  Marine x3  
  26  3:28  Marine, Marauder  
  29  3:43  Factory Tech Lab  
  29  3:45  Starport  
  29  3:50  Marauder  
  29  3:54  Engineering Bay  
  31  4:08  Supply Depot  
  31  4:10  Orbital Command, Supply Depot  
  31  4:25  Starport Reactor  
  31  4:29  Marine x3  
  34  4:41  Concussive Shells  
  34  4:47  Marauder  
  32  5:09  Marauder  
  32  5:20  Marine x2  
  34  5:23  Medivac x2  
  38  5:30  Marauder  
  38  5:35  Terran Infantry Weapons Level 1  
  40  5:37  Marine  
  40  5:38  Marine  
  40  5:41  Supply Depot  
  42  5:44  Siege Tank  
  45  5:51  Marauder  
  45  6:08  Marine x2  
  47  6:13  Marauder  
  47  6:14  Medivac x2  
  53  6:18  Combat Shields  
  53  6:21  SCV  
  54  6:26  Marine  
  55  6:40  Barracks  
  55  6:42  Supply Depot  
  55  6:45  Supply Depot  
  55  7:03  Marine  
  55  7:04  Marauder  
  58  7:14  Command Center  
  58  7:18  Refinery  
  57  7:22  Refinery  
  57  7:25  Marauder  
  39  7:47  Marine x2, Marauder  
  43  7:52  Medivac x2  
  47  8:05  Marine x2  
  49  8:08  Marine, Barracks Tech Lab  
  50  8:23  Marine  
  51  8:28  Marauder  
  51  8:29  Marauder  
  51  8:30  Marine  
  51  8:33  SCV  
  57  8:37  Orbital Command  
  57  8:40  Marine  
  58  8:47  Marine  
  59  8:49  Marine  
  59  8:50  Marauder  
  62  8:58  Marine, Armory, Terran Infantry Armor Level 1  
  63  9:05  Marine  
  64  9:12  Marauder x2  
  68  9:30  Missile Turret  
  68  9:33  Marauder  
  68  9:34  Marauder  
  50  10:19  Marine x4  
  54  10:29  Missile Turret  
  54  10:37  Marine  
  54  10:38  Missile Turret  
  54  10:42  Missile Turret  
  55  11:03  Medivac x2  
  59  11:22  Marine  
  59  11:23  Marine x3  
  63  11:33  Medivac x2  
  67  11:40  Marine x2  
  67  11:41  Marine x2  
  71  11:58  Marine x3  
  71  11:59  Marine, Command Center  
  63  12:16  Marine  
  35  13:32  SCV  
  36  13:38  Barracks  
  36  13:44  SCV  
  37  13:56  SCV  
  38  14:09  SCV  
  39  14:17  Supply Depot  
  39  14:21  SCV  
  39  14:22  Starport Reactor  
  40  14:34  SCV  
Show
View Real Time Build Order
Export as new Build Order

IagoAbreu Protoss - Winner!

Build Orders:  

Get SALT Encoding   

  12  0:03  Probe (Chrono Boost)  
  13  0:13  Probe (Chrono Boost)  
  14  0:20  Pylon  
  14  0:24  Probe  
  15  0:36  Assimilator  
  15  0:39  Probe  
  16  0:54  Probe  
  17  1:11  Nexus  
  17  1:18  Gateway  
  17  1:21  Probe (Chrono Boost)  
  19  1:33  Probe (Chrono Boost)  
  19  1:37  Assimilator  
  19  1:40  Probe (Chrono Boost)  
  20  1:59  Pylon, Probe  
  21  2:11  Probe  
  21  2:13  Cybernetics Core  
  22  2:25  Probe (Chrono Boost)  
  22  2:28  Forge  
  23  2:32  Probe (Chrono Boost)  
  24  2:42  Probe (Chrono Boost)  
  25  2:47  Probe (Chrono Boost)  
  26  2:58  Probe  
  26  2:59  Adept (Chrono Boost)  
  26  3:24  Adept  
  28  3:41  Probe (Chrono Boost)  
  28  3:53  Probe (Chrono Boost)  
  28  3:54  Twilight Council  
  29  3:56  Pylon  
  29  3:58  Probe (Chrono Boost)  
  29  4:00  Robotics Facility  
  30  4:07  Probe  
  31  4:15  Shield Battery  
  31  4:19  Probe (Chrono Boost)  
  31  4:21  Stalker (Chrono Boost)  
  35  4:32  Probe (Chrono Boost)  
  35  4:37  Dark Shrine  
  35  4:39  Probe (Chrono Boost)  
  34  4:47  Immortal (Chrono Boost)  
  36  5:13  Stalker (Chrono Boost)  
  38  5:31  Robotics Bay  
  38  5:33  Robotics Facility  
  38  5:37  Gateway  
  38  5:44  Assimilator  
  38  5:46  Assimilator  
  38  5:48  Probe (Chrono Boost)  
  40  5:59  Probe (Chrono Boost)  
  40  6:03  Probe (Chrono Boost)  
  41  6:12  Dark Templar  
  41  6:14  Probe  
  44  6:19  Protoss Shields Level 1  
  44  6:34  Stalker  
  46  6:43  Immortal x2 (Chrono Boost)  
  54  6:51  Pylon  
  54  7:00  Pylon  
  54  7:09  Stalker  
  54  7:10  Pylon  
  54  7:13  Pylon  
  56  7:24  Observer x2 (Chrono Boost)  
  60  7:30  Dark Templar  
  58  7:37  Warp Prism  
  58  7:39  Dark Templar  
  62  7:49  Warp Gate (Chrono Boost)  
  63  8:06  Observer (Chrono Boost)  
  63  8:09  Stalker  
  65  8:18  Stalker  
  67  8:20  Warp Prism (Chrono Boost)  
  69  8:55  Warp Prism x2 (Chrono Boost)  
  73  9:05  Gateway x2  
  73  9:06  Gateway  
  73  9:09  Gateway x2  
  73  9:15  Gateway  
  73  9:19  Stalker x2  
  77  9:28  Immortal x2 (Chrono Boost)  
  64  10:17  Immortal  
  68  10:37  Dark Templar  
  68  10:42  Observer  
  70  10:57  Pylon  
  70  10:59  Pylon  
  70  11:00  Pylon  
  70  11:15  Immortal  
  70  11:18  Pylon  
  74  11:22  Gateway  
  74  11:27  Gateway  
  74  11:28  Gateway  
  62  12:02  Dark Templar x4  
  53  12:59  Archon  
  53  13:01  Archon  
  53  13:15  Stalker  
  55  13:54  Nexus  
  55  15:18  Pylon  
  55  15:19  Pylon  
  55  15:21  Pylon  
  55  15:23  Pylon  
  55  15:24  Pylon  
  55  15:27  Pylon  
  29  16:43  Nexus  
  29  16:46  Pylon  
Tags
 
Composition
MMM Bio
Matchup
PvT
Spawn Locations
Cross Positions
Add a new tag
Caveats
  • Supply blocks, unpowered buildings, or Contaminate may cause inaccurate times.
  • Supply counts are checked every 10 seconds.